 Dungeon Crawl Stone Soup version 0.31-a0-1370-gf52a5a9ab3 (webtiles) character file.

Game seed: 11051433997716859145

4597 Laraso the Basher (level 10, 0/85 (92) HPs)
             Began as an Oni Cinder Acolyte on Dec 24, 2023.
             Was an Elder of Ignis.
             Slain by a yak (14 damage)
             ... on level 9 of the Dungeon.
             The game lasted 00:11:41 (10055 turns).

Laraso the Basher (Oni Cinder Acolyte)             Turns: 10055, Time: 00:11:42

HP:   0/85 (92)     AC:  4    Str: 20    XL:     10   Next: 41%
MP:   5/14          EV:  9    Int: 25    God:    Ignis [****..]
Gold: 578           SH:  0    Dex:  4    Spells: 13/15 levels left

rFire   + . .        a - +2 quarterstaff (chaos)
rCold   . . .        (shield currently unavailable)
rNeg    + . .        D - +0 robe
rPois   .            (helmet restricted)
rElec   .            t - +0 cloak
rCorr   .            (gloves unavailable)
SInv    .            (boots unavailable)
Will    +....        u - amulet of magic regeneration
Stlth   +            h - ring of positive energy
HPRegen 0.34/turn    B - +6 ring of intelligence
MPRegen 0.54/turn

%: no passive effects
@: drained
A: large, unfitting armour, horns 1, tough skin 1, double potion healing,
drunken brawling
a: Renounce Religion, Fiery Armour, Foxfire Swarm, Rising Flame


You were on level 9 of the Dungeon.
You worshipped Ignis.
Ignis was greatly pleased with you.
You visited 1 branch of the dungeon, and saw 9 of its levels.

You collected 606 gold pieces.
You spent 28 gold pieces at shops.

Inventory:

Hand Weapons
 a - a +2 quarterstaff of chaos (weapon)
 b - a +2 giant spiked club
Missiles
 n - 2 throwing nets
Armour
 t - a +0 cloak (worn)
 D - a +0 robe (worn)
 K - an orb of energy
Jewellery
 h - a ring of positive energy (left hand)
 u - an amulet of magic regeneration (around neck)
 B - a +6 ring of intelligence (right hand)
Wands
 x - a wand of mindburst (28)
 A - a wand of polymorph (7)
 I - a wand of quicksilver (2)
Scrolls
 c - 3 scrolls of teleportation
 d - a scroll of acquirement {unknown}
 i - 3 scrolls of vulnerability
 l - 2 scrolls of silence
 o - a scroll of enchant armour {unknown}
 r - 2 scrolls of fog
 y - a scroll of fear {unknown}
 z - a scroll of blinking {unknown}
 C - a scroll of revelation {unknown}
 G - a scroll of noise {unknown}
 H - 2 scrolls of poison {unknown}
 J - a scroll of amnesia {unknown}
Potions
 e - 4 potions of curing
 f - a potion of mutation {unknown}
 g - 3 potions of might
 j - 2 potions of ambrosia {unknown}
 k - 3 potions of enlightenment {unknown}
 m - a potion of cancellation {unknown}
 p - a potion of heal wounds {unknown}
 q - a potion of lignification {unknown}
 s - a potion of attraction {unknown}
 v - a potion of degeneration {unknown}
 E - a potion of invisibility {unknown}
 F - 2 potions of haste {unknown}


   Skills:
 - Level 4.0 Fighting
 * Level 14.7 Maces & Flails
 - Level 3.0 Spellcasting
 - Level 3.0 Fire Magic


You had 13 spell levels left.
You knew the following spells:

 Your Spells              Type           Power      Damage    Failure   Level
a - Scorch                Fire           36%        2d6       4%          2

Your spell library contained the following spells:

 Spells                   Type           Power      Damage    Failure   Level
 Freeze                   Ice            12%        1d3       10%         1
 Magic Dart               Conj           12%        1d3       10%         1
 Searing Ray              Conj           6%         2d4       16%         2
 Frozen Ramparts          Ice            6%         1d1       30%         3
 Fugue of the Fallen      Necr           3%         N/A       30%         3
 Hailstorm                Conj/Ice       3%         3d5       30%         3
 Ozocubu's Armour         Ice            3%         N/A       30%         3
 Fulminant Prism          Conj/Alch      1%         3d5       69%         4
 Manifold Assault         Tloc           3%         N/A       69%         4


Dungeon Overview and Level Annotations

Branches:
Dungeon (9/15)             Temple (0/1) D:7
   Lair: D:8-11         Orc: D:9-12

Altars:
Ashenzari
Gozag
Hepliaklqana
Wu Jian
Zin
The Shining One

Shops:
D:2 ?   D:8 =


Innate Abilities, Weirdness & Mutations

You are too large for most types of armour.
You have a pair of small horns on your head.
You have tough skin. (AC +1)
You gain doubled healing and magic from potions.
Whenever you drink a healing potion, you attack all around you.


Message History

The yak gores you!
Flames lash the yak.
The yak is burned terribly!
The yak is moderately wounded.
The yak gores you but does no damage.
Flames lash the yak.
The yak is burned terribly!
The yak is heavily wounded.
The yak completely misses you.
Flames lash the yak.
The yak is burned terribly!
The yak is heavily wounded.
The yak gores you but does no damage.
You are out of magic!
You are out of magic!
You hit the yak but do no damage.
The yak suddenly stops moving!
You headbutt the yak.
The yak is heavily wounded.
The yak is no longer paralysed.
The yak gores you!
You hit the yak but do no damage.
The yak is poisoned.
The yak is heavily wounded.
You sock the yak! You freeze the yak.
The yak is severely wounded.
You hit the yak.
The yak is heavily wounded.
You sock the yak!
The yak is poisoned.
You headbutt the yak!
The yak is almost dead.
The yak gores you!
You barely miss the yak. Your headbutt misses the yak.
The yak is almost dead.
The yak is no longer more vulnerable to fire.
The yak gores you!
You hit the yak.
The yak is almost dead.
The yak gores you.
You sock the yak!
You kill the yak!
The yak gores you!
* * * LOW HITPOINT WARNING * * *
You hit the yak. You freeze the yak. You headbutt the yak, but do no damage.
The yak is almost dead.
The yak gores you!
You die...

.## #.... .# #..Y.## ##
### ≈≈≈~~.. #≈#
~..~≈Y~## #≈# ...~~≈#
##≈## #.~!# ##.~.## #.#
####..~..##########.####
......~.......(.@YYY...#
######≈#.###########...#
## #≈#.# #..# .# ###.#
..# .# ### ..# .# >. .#
### .# .#


You could see 3 yaks.

Vanquished Creatures
  Pikel (D:6)
  Joseph (D:7)
  Jeremiah (D:9)
  Psyche (D:8)
  A hornet (D:7)
  A yak (D:9)
  A shadow (D:6)
  2 wyverns
  A steam dragon (D:6)
  An acid dragon (D:8)
  A water moccasin (D:7)
  A black bear (D:4)
  2 ogres
  A lemure (D:7)
  A kobold brigand (D:9)
  2 bullfrogs (D:7)
  5 scorpions
  5 wights (D:8)
  4 killer bees (D:8)
  6 howler monkeys
  3 jellies
  2 sleepcaps
  3 hounds
  3 orc priests
  Crazy Yiuf (D:3)
  2 iguanas (D:7)
  Terence (D:2)
  3 orc wizards (D:8)
  8 adders
  7 gnolls
  A shadow imp (D:6)
  3 white imps
  A bombardier beetle (D:3)
  A worm (D:3)
  3 dart slugs
  23 orcs
  4 ball pythons
  5 endoplasms
  14 giant cockroaches
  2 goblins
  9 hobgoblins
  2 quokkas
  4 bats
  3 frilled lizards
  13 kobolds
  5 rats
165 creatures vanquished.

Vanquished Creatures (others)
  19 foxfires (D:7)
19 creatures vanquished.

Grand Total: 184 creatures vanquished

Notes
Turn   | Place    | Note
-------+----------+-------------------------------------------
     0 | D:1      | Laraso the Oni Cinder Acolyte began the quest for the Orb.
     0 | D:1      | Reached XP level 1. HP: 24/24 MP: 2/2
   150 | D:1      | Found a faded altar of an unknown god.
   186 | D:1      | Reached XP level 2. HP: 25/32 MP: 2/4
   299 | D:1      | Learned a level 2 spell: Scorch
  1246 | D:2      | Found The Oracle's Delphic Readings.
  1250 | D:2      | Reached XP level 3. HP: 39/39 MP: 0/5
  1256 | D:2      | Bought a scroll of identify for 28 gold pieces
  1784 | D:3      | Noticed Terence
  1797 | D:2      | Killed Terence
  1798 | D:2      | Reached skill level 4 in Maces & Flails
  1798 | D:2      | Reached XP level 4. HP: 36/48 MP: 1/7
  2227 | D:3      | Found a runed translucent door.
  2228 | D:3      | Noticed Crazy Yiuf
  2494 | D:3      | Reached XP level 5. HP: 34/54 MP: 9/9
  2793 | D:3      | Reached skill level 5 in Maces & Flails
  3240 | D:3      | Killed Crazy Yiuf
  3546 | D:4      | Noticed a black bear
  3562 | D:4      | Killed a black bear
  3563 | D:4      | Reached skill level 6 in Maces & Flails
  3563 | D:4      | Reached XP level 6. HP: 49/62 MP: 1/10
  4436 | D:4      | Reached skill level 7 in Maces & Flails
  4454 | D:4      | Reached XP level 7. HP: 62/70 MP: 11/11
  4693 | D:5      | Entered Level 5 of the Dungeon
  5054 | D:5      | Reached skill level 8 in Maces & Flails
  5402 | D:5      | Reached XP level 8. HP: 39/78 MP: 7/12
  5699 | D:6      | Noticed a shadow
  5706 | D:6      | Killed a shadow
  5707 | D:6      | Reached skill level 9 in Maces & Flails
  5792 | D:6      | Identified the +5 long sword "Kihudeh" {heavy, Will+ MP+9}
  6132 | D:6      | Reached skill level 10 in Maces & Flails
  6566 | D:6      | Found a glowing silver altar of Zin.
  6575 | D:6      | Found an ornate altar of the Wu Jian Council.
  6575 | D:6      | Found an opulent altar of Gozag.
  6591 | D:6      | Found a broken altar of Ashenzari.
  6594 | D:6      | Found a hazy altar of Hepliaklqana.
  6777 | D:7      | Found a staircase to the Ecumenical Temple.
  6779 | D:7      | Noticed Pikel
  6813 | D:6      | Killed Pikel
  6814 | D:6      | Reached skill level 11 in Maces & Flails
  6814 | D:6      | Reached XP level 9. HP: 60/84 MP: 0/13
  7062 | D:7      | Reached skill level 12 in Maces & Flails
  7246 | D:7      | Found a glowing golden altar of the Shining One.
  7495 | D:7      | Noticed a hornet
  7502 | D:7      | Paralysed by a hornet for 2 turns
  7503 | D:7      | Killed a hornet
  7787 | D:7      | Noticed Joseph
  7802 | D:7      | Killed Joseph
  7803 | D:7      | Reached skill level 13 in Maces & Flails
  8449 | D:8      | Reached XP level 10. HP: 78/92 MP: 7/14
  8603 | D:8      | Found Ynue's Jewellery Boutique.
  8744 | D:8      | Reached skill level 14 in Maces & Flails
  8952 | D:8      | Noticed Psyche
  8958 | D:8      | Killed Psyche
  9377 | D:9      | Noticed Jeremiah
  9873 | D:9      | Killed Jeremiah
 10055 | D:9      | Slain by a yak

Illustrated notes

Levels and vault maps discovered:
D:1:      dpeg_chamrin_arrival_tetris, layout_loops_ring,
          ebering_ecumenical_altar_webs
D:2:      layout_basic, nicolae_nh_oracle_at_delphi
D:3:      minmay_roachtagon, layout_basic, uniq_terence, uniq_crazy_yiuf_cottage
D:4:      layout_basic
D:5:      layout_rooms
D:6:      layout_cave_pools, minmay_overflow_temple_star_hex
D:7:      layout_gridville, mainiacjoe_overflow_tiny_flanked,
          minmay_temple_entry_butterflies, uniq_joseph, uniq_pikel
D:8:      layout_rooms, serial_shops, nicolae_square_shop, serial_curves,
          eino_curves_02, eino_curves_04, eino_curves_04, uniq_psyche
D:9:      layout_basic, lair_entry_dummy, serial_rivers,
          chequers_serial_rivers_micro_a, chequers_serial_rivers_room_a,
          chequers_serial_rivers_micro_d, chequers_serial_rivers_micro_a,
          chequers_serial_rivers_small_a, chequers_serial_rivers_micro_a,
          amcnicky_mini_rare_corridor_liquid, moated_statue, uniq_jeremiah

Skill      XL: |  1  2  3  4  5  6  7  8  9 10 |
---------------+-------------------------------+-----
Fire Magic     | 3 |  3.0
Spellcasting   | 2 3 |  3.0
Maces & Flails | 4 6 7 8 11 13 14 | 14.7
Fighting       | |  4.0

Action                     |  1- 3 |  4- 6 |  7- 9 | 10-12 || total
---------------------------+-------+-------+-------+-------++-------
  Melee: Mace              |    34 |     2 |       |       ||    36
         Headbutt          |     6 |    11 |     9 |     7 ||    33
         Flail             |       |    31 |       |       ||    31
         Quarterstaff      |       |    22 |    85 |    66 ||   173
   Cast: Scorch            |    19 |    63 |   129 |    69 ||   280
 Invoke: Fiery Armour      |       |       |     1 |     1 ||     2
         Foxfire Swarm     |       |       |     1 |       ||     1
  Evoke: Wand              |       |       |       |     4 ||     4
    Use: Scroll            |     2 |     2 |     4 |     1 ||     9
         Potion            |       |       |     2 |       ||     2
   Stab: Paralysed         |       |       |     1 |       ||     1
 Armour: Robe              |    20 |    66 |   158 |    68 ||   312
  Dodge: Dodged            |    22 |    29 |    80 |    29 ||   160

Table legend: (Time is in decaauts)
 A = Elapsed time spent in this place.
 B = Non-inter-level travel time spent in this place.
 C = Inter-level travel time spent in this place.
 D = Time resting spent in this place.
 E = Time spent auto-exploring this place.
 F = Levels seen in this place.
 G = Mean time per level.
                   A        B        C        D        E       F      G
               +--------+--------+--------+--------+--------+-----+--------+
         Total |  10070 |   9816 |    254 |   2554 |   5907 |   9 | 1118.9 |
       Dungeon |  10070 |   9816 |    254 |   2554 |   5907 |   9 | 1118.9 |
               +--------+--------+--------+--------+--------+-----+--------+

Top non-repeatable levels by time:
     D:7: 1400 daAuts
     D:8: 1376 daAuts
     D:2: 1366 daAuts
     D:3: 1327 daAuts
     D:4: 1233 daAuts
     D:6: 1103 daAuts
     D:5: 994 daAuts
     D:1: 784 daAuts
     D:9: 482 daAuts
